 Dungeon Crawl Stone Soup version 0.29-a0-824-gd827844252 (webtiles) character file.

Game seed: 9283054902675101699

8561 spaghetti the Slicer (level 11, -7/133 HPs)
             Began as a Gnoll Berserker on July 9, 2022.
             Was an Elder of Trog.
             Killed by vampiric draining
             ... invoked by a vampire
              (13 damage)
             ... on level 10 of the Dungeon on July 10, 2022.
             The game lasted 00:20:12 (12308 turns).

spaghetti the Slicer (Gnoll Berserker)             Turns: 12308, Time: 00:20:13

Health: -7/133     AC: 15    Str: 22    XL:     11   Next: 32%
Magic:  18/18      EV: 16    Int:  8    God:    Trog [****..]
Gold:   471        SH:  6    Dex: 19    Spells: 22/22 levels left

rFire   . . .      SeeInvis .   U - +4 trident (vamp) {polearm}
rCold   + . .      Faith    +   W - +0 buckler
rNeg    . . .      Spirit   .   H - +3 leather armour of Sittisua {rElec rC+ Int+4}
rPois   +          Reflect  .   a - +2 helmet
rElec   +          Harm     .   Q - +2 cloak
rCorr   .          Rampage  .   (no gloves)
Will    +....                   x - +0 pair of boots
Stlth   ..........              s - amulet of faith {!P}
HPRegen 0.32/turn               E - +6 ring of dexterity
MPRegen 0.16/turn               p - ring of poison resistance

@: berserking (expiring), very quick
A: fangs 1, strong nose, distributed training, dopey 1, low MP 1, strong-willed
1, strong 1, inability to drink while threatened 1
a: Renounce Religion, Berserk, Trog's Hand, Brothers in Arms


You were on level 10 of the Dungeon.
You worshipped Trog.
Trog was greatly pleased with you.
You visited 1 branch of the dungeon, and saw 10 of its levels.
You also visited: Sewer.

You collected 603 gold pieces.
You spent 132 gold pieces at shops.


Innate Abilities, Weirdness & Mutations

You have very sharp teeth.
Your uncanny sense of smell can sniff out nearby items.
Your experience applies equally to all skills.
You are dopey. (Int -2)
Your magical capacity is low. (-10% MP)
You are strong-willed. (Will+)
Your muscles are strong. (Str +4, Int/Dex -1)
You occasionally lose the ability to drink potions when taking damage.


   Skills:
 + Level 9.3 Fighting
 + Level 9.3 Short Blades
 + Level 6.4 Long Blades
 + Level 6.4 Axes
 + Level 6.4 Maces & Flails
 + Level 6.4 Polearms
 + Level 6.4 Staves
 + Level 6.4 Ranged Weapons
 + Level 6.4 Throwing
 + Level 8.0 Armour
 + Level 8.0 Dodging
 + Level 6.4 Stealth
 + Level 6.4 Shields
 + Level 6.4 Unarmed Combat
 + Level 6.4 Spellcasting
 + Level 5.3 Conjurations
 + Level 5.3 Hexes
 + Level 5.3 Summonings
 + Level 5.3 Necromancy
 + Level 5.3 Translocations
 + Level 5.3 Transmutations
 + Level 5.3 Fire Magic
 + Level 5.3 Ice Magic
 + Level 5.3 Air Magic
 + Level 5.3 Earth Magic
 + Level 5.3 Poison Magic
 + Level 7.0 Invocations
 + Level 6.4 Evocations


You had 22 spell levels left.
You didn't know any spells.
Your spell library contained the following spells:

 Spells                   Type           Power      Damage    Failure   Level
 Summon Small Mammal      Summ           44%        N/A       3%          1
 Call Canine Familiar     Summ           11%        N/A       11%         3
 Portal Projectile        Hex/Tloc       22%        N/A       11%         3
 Summon Guardian Golem    Hex/Summ       11%        N/A       11%         3
 Tukima's Dance           Hex            11%        N/A       11%         3
 Blade Hands              Tmut           5%         N/A       71%         5
 Summon Forest            Summ/Tloc      5%         N/A       71%         5
 Summon Mana Viper        Hex/Summ       11%        N/A       71%         5
 Summon Cactus Giant      Summ           5%         N/A       99%         6

Inventory:

Hand Weapons
 y - a +5 flail {mace}
   (You took it off a wight on level 8 of the Dungeon)
 U - a +4 vampiric trident (weapon) {polearm}
   (You took it off a gnoll sergeant on level 6 of the Dungeon)
Missiles
 b - 5 boomerangs {throwing}
 g - 19 stones (quivered) {throwing}
 r - a throwing net {=f!fthrowing}
 N - 6 poisoned darts {throwing}
 P - 4 datura-tipped darts {throwing}
 Z - a curare-tipped dart {=fthrowing}
Armour
 a - a +2 helmet (worn)
   (You found it on level 10 of the Dungeon)
 x - a +0 pair of boots (worn)
   (You found it on level 4 of the Dungeon)
 H - the +3 leather armour of Sittisua (worn) {rElec rC+ Int+4}
   (You found it on level 7 of the Dungeon)

   Int:       It affects your intelligence (+4).
   rC:        It protects you from cold.
   rElec:     It insulates you from electricity.
 Q - a +2 cloak (worn)
   (You found it on level 8 of the Dungeon)
 W - a +0 buckler (worn)
   (You took it off a gnoll sergeant on level 9 of the Dungeon)
Jewellery
 n - a ring of positive energy
   (You found it on level 2 of the Dungeon)
 p - a ring of poison resistance (right hand)
   (You found it on level 2 of the Dungeon)
 s - an amulet of faith (around neck) {!P}
   (You found it on level 8 of the Dungeon)
 E - a +6 ring of dexterity (left hand)
   (You found it on level 5 of the Dungeon)
 K - a ring of protection from fire
   (You found it on level 6 of the Dungeon)
 X - a ring of willpower
   (You found it on level 9 of the Dungeon)
Wands
 C - a wand of paralysis (16)
   (You found it on level 5 of the Dungeon)
 F - a wand of light (10)
   (You found it on level 6 of the Dungeon)
 R - a wand of flame (12)
   (You found it on level 8 of the Dungeon)
 V - a wand of polymorph (4)
   (You found it on level 9 of the Dungeon)
Scrolls
 d - a scroll of fear
 e - 2 scrolls of vulnerability {!r!r}
 k - 2 scrolls of amnesia
 l - 5 scrolls of fog
 o - 3 scrolls of noise {!r}
 t - 5 scrolls of magic mapping {!r}
 v - 2 scrolls of brand weapon
 z - a scroll of poison {unknown}
 G - 4 scrolls of teleportation {@r4}
 M - a scroll of enchant weapon
 S - a scroll of torment {unknown}
 T - a scroll of enchant armour
 Y - a scroll of blinking {unknown}
Potions
 c - 2 potions of flight {unknown}
 f - 3 potions of curing {@q1}
 h - 2 potions of might {unknown}
 i - 3 potions of lignification {unknown}
 j - a potion of magic {unknown}
 w - 2 potions of heal wounds {unknown}
 A - 5 potions of haste {unknown}
 B - 3 potions of degeneration {unknown}
 D - 2 potions of mutation {!q}
 I - 5 potions of attraction {unknown}
 O - 2 potions of brilliance {unknown}

Dungeon Overview and Level Annotations

Branches:
Dungeon (10/15) Zot: 25579  Temple (0/1) D:5            Lair (0/6) D:9
  Sewer (visited)
    Orc: D:9-12

Altars:
Qazlal

Shops:
D:3 =   D:4 ?!

Annotations:
D:3 3 runed translucent doors, CowFu's ghost, amateur GrEE
D:8 3 runed translucent doors, Palms's ghost, novice SpVM

#.# #.# #.#
#.###############
#................
#####
#................
......
#................
......
#................
......
#.......{@)......
......
#................
......
#................
......
#................
......
#................
......
#...>............
......
#................
......
................
...... ######


There were no monsters in sight!


Message History

You kill the centaur!
Trog accepts your kill. Something barely misses you. Something bites you!
Something draws strength from your injuries! 😕 HP[-9]
You take 9 damage, and now have 80/89 hp.
You are too injured to fight recklessly!
You are too injured to fight recklessly!
You are too injured to fight recklessly!
You are too injured to fight recklessly!
You are too injured to fight recklessly!
You are too injured to fight recklessly!
You are too injured to fight recklessly!
You are too injured to fight recklessly!
Unknown command.
Unknown command.
Something hits you but does no damage. Something bites you.
Something draws strength from your injuries! 😕 HP[-5]
You take 5 damage, and now have 75/89 hp.
Something hits you! You block something's attack. 😮 HP[-9]
You take 9 damage, and now have 66/89 hp.
There is a strange disturbance nearby!
There is a strange disturbance nearby!
There is a strange disturbance nearby!
There is a strange disturbance nearby!
You hit something but do no damage. You bite something.
Something hits you but does no damage. You block something's attack. 😕 HP[+1]
You hit something but do no damage. Something hits you. Something bites you.
Something draws strength from your injuries! 😮 HP[-11]
You take 11 damage, and now have 56/89 hp.
You hit something. Something barely misses you. Something closely misses you.
You hit something. You bite something. Something barely misses you.
Something bites you but does no damage.
You hit something but do no damage. You bite something.
Something hits you but does no damage. Something barely misses you.
Something hits you. Something bites you.
Something draws strength from your injuries! 😮 HP[-7]
You take 7 damage, and now have 49/89 hp.
You hit something. Something hits you but does no damage.
Something barely misses you.
You hit something. Your bite misses something. You puncture something!
Something draws life force from you!
* * * LOW HITPOINT WARNING * * *
😨 HP[-14]
You take 14 damage, and now have 35/89 hp.
You barely miss something. You bite something.
Something hits you but does no damage. Something bites you but does no damage.
You puncture something! You bite something.
Something hits you but does no damage.
Something bites you but does no damage. 😨 HP[+1]
You miss something. You block something's attack. Something bites you.
* * * LOW HITPOINT WARNING * * *
Something draws strength from your injuries! 😨 HP[-6]
You take 6 damage, and now have 30/89 hp.
You miss something. Something hits you but does no damage.
Something bites you but does no damage.
A red film seems to cover your vision as you go berserk!
You feel yourself moving faster!
You feel mighty! Something hits you.
* * * LOW HITPOINT WARNING * * *
Something bites you.
* * * LOW HITPOINT WARNING * * *
Something draws strength from your injuries! 😨 HP[+14]
You now have 133 max hp (+44).
You regained 14 hp, and now have 44/133 hp.
You closely miss something. Your bite misses something.
Something draws life force from you!
* * * LOW HITPOINT WARNING * * *
😱 HP[-13]
You take 13 damage, and now have 31/133 hp.
You barely miss something. Something hits you but does no damage.
Something barely misses you.
You barely miss something. You bite something. You miss something.
Something draws life force from you!
* * * LOW HITPOINT WARNING * * *
😱 HP[-13]
You take 13 damage, and now have 18/133 hp.
You barely miss something. You bite something.
Something hits you but does no damage. Something bites you but does no damage.
You puncture something! You miss something. You block something's attack.
Something closely misses you.
You puncture something! Something hits you.
* * * LOW HITPOINT WARNING * * *
Something bites you!
* * * LOW HITPOINT WARNING * * *
Something draws strength from your injuries! 😱 HP[-13]
You take 13 damage, and now have 5/133 hp.
You puncture something! 😱 HP[+1]
You hit something but do no damage. You block something's attack.
Something bites you but does no damage.
You barely miss something. Something draws life force from you!
You die...

Skill      XL: |  1  2  3  4  5  6  7  8  9 10 11 |
---------------+----------------------------------+-----
Invocations    | 1 2 3 4 5 6 7 |  7.0
Long Blades    | 1 2 3 5 6 |  6.4
Axes           | 1 2 3 5 6 |  6.4
Maces & Flails | 1 2 3 5 6 |  6.4
Polearms       | 1 2 3 5 6 |  6.4
Staves         | 1 2 3 5 6 |  6.4
Ranged Weapons | 1 2 3 5 6 |  6.4
Throwing       | 1 2 3 5 6 |  6.4
Stealth        | 1 2 3 5 6 |  6.4
Shields        | 1 2 3 5 6 |  6.4
Unarmed Combat | 1 2 3 5 6 |  6.4
Spellcasting   | 1 2 3 5 6 |  6.4
Evocations     | 1 2 3 5 6 |  6.4
Conjurations   | 1 2 3 4 5 |  5.3
Hexes          | 1 2 3 4 5 |  5.3
Summonings     | 1 2 3 4 5 |  5.3
Necromancy     | 1 2 3 4 5 |  5.3
Translocations | 1 2 3 4 5 |  5.3
Transmutations | 1 2 3 4 5 |  5.3
Fire Magic     | 1 2 3 4 5 |  5.3
Ice Magic      | 1 2 3 4 5 |  5.3
Air Magic      | 1 2 3 4 5 |  5.3
Earth Magic    | 1 2 3 4 5 |  5.3
Poison Magic   | 1 2 3 4 5 |  5.3
Armour         | 5 6 7 8 |  8.0
Dodging        | 5 6 7 8 |  8.0
Fighting       | 7 8 9 |  9.3
Short Blades   | 7 8 9 |  9.3

Action                   |  1- 3 |  4- 6 |  7- 9 | 10-12 || total
-------------------------+-------+-------+-------+-------++-------
Melee: Short sword       |   110 |    93 |       |       ||   203
       Bite              |     6 |    22 |    45 |    50 ||   123
       Flail             |       |   145 |   372 |    88 ||   605
       Punch             |       |     3 |    14 |     6 ||    23
       Trident           |       |       |       |   300 ||   300
Throw: Stone             |       |    33 |       |       ||    33
Invok: Berserk           |     3 |     3 |    12 |     8 ||    26
       Trog's Hand       |       |       |     4 |     1 ||     5
Evoke: Wand              |       |       |     2 |     1 ||     3
  Use: Potion            |     1 |     2 |       |       ||     3
       Scroll            |       |     4 |     5 |     3 ||    12
 Stab: Sleeping          |     1 |       |       |     5 ||     6
       Invisible         |       |       |     1 |       ||     1
Armor: Animal skin       |    41 |     1 |       |       ||    42
       Chain mail        |       |    45 |       |       ||    45
       Plate armour      |       |   133 |   451 |       ||   584
       Leather armour    |       |       |    38 |   197 ||   235
Dodge: Dodged            |   119 |    97 |   371 |   428 ||  1015
Block: Buckler           |       |       |       |    98 ||    98

Levels and vault maps discovered:
D:1:      amcnicky_arrival_abandoned_market, layout_basic,
          shapermc_ecumenical_altar_mp_urbaneastern, serial_shops, shop,
          minivault_24, fountainhead
D:2:      minmay_chambers_of_twos, layout_basic
D:3:      layout_basic, ebering_ghost_rock_garden, nicolae_shop_unique_rings
D:4:      layout_cave_pods, serial_shops, nicolae_shop_trees, shop
D:5:      layout_basic, temple_hall, gammafunk_ghost_stat_death,
          portal_sewer_entry_b, serial_bayou, serial_bayou_shore_b,
          serial_bayou_lagoon_a, serial_bayou_pond_b, serial_bayou_pond_e
D:6:      layout_cave_pools
D:7:      layout_basic
D:8:      layout_basic, mainiacjoe_overflow_brackets,
          gammafunk_ghost_nasty_kobolds, nicolae_concentric_dashed_squares_mild,
          chequers_serial_rivers_room_b
D:9:      nzn_winding_woodlands_medium [nzn_winding_woodlands_5x5_perimeter,
          nzn_winding_woodlands_5x15_sidewinder,
          nzn_winding_woodlands_5x5_checkerboard,
          nzn_winding_woodlands_5x5_three,
          nzn_winding_woodlands_center_diamonds,
          nzn_winding_woodlands_5x5_closed_star,
          nzn_winding_woodlands_5x5_default,
          nzn_winding_woodlands_5x15_river_crossing,
          nzn_winding_woodlands_5x5_open_star], layout_irregular_city,
          erik_lair_island
D:10:     layout_long_grid, minmay_orc_entry_temple_small

Notes
Turn   | Place    | Note
-------+----------+-------------------------------------------
     0 | D:1      | spaghetti the Gnoll Berserker began the quest for the Orb.
     0 | D:1      | Reached XP level 1. HP: 23/23 MP: 1/1
     0 | D:1      | magus.rc [v1.9.6]
   344 | D:1      | Reached XP level 2. HP: 25/29 MP: 2/2
   633 | D:1      | You fall into a shaft and drop 1 floor!
   634 | D:2      | magus.rc [v1.9.6]
   657 | D:2      | Reached XP level 3. HP: 14/35 MP: 2/4
   658 | D:2      | HP: 13/52 [poisoned by an adder]
   959 | D:2      | Reached skill level 1 in Invocations
  1118 | D:2      | magus.rc [v1.9.6]
  1128 | D:2      | Reached ** piety under Trog
  1323 | D:2      | Reached skill level 1 in Long Blades
  1323 | D:2      | Reached skill level 1 in Axes
  1323 | D:2      | Reached skill level 1 in Maces & Flails
  1323 | D:2      | Reached skill level 1 in Polearms
  1323 | D:2      | Reached skill level 1 in Staves
  1323 | D:2      | Reached skill level 1 in Ranged Weapons
  1323 | D:2      | Reached skill level 1 in Throwing
  1323 | D:2      | Reached skill level 1 in Stealth
  1323 | D:2      | Reached skill level 1 in Shields
  1323 | D:2      | Reached skill level 1 in Unarmed Combat
  1323 | D:2      | Reached skill level 1 in Spellcasting
  1323 | D:2      | Reached skill level 1 in Evocations
  1371 | D:2      | Reached XP level 4. HP: 27/41 MP: 5/5
  1896 | D:2      | Reached skill level 1 in Conjurations
  1896 | D:2      | Reached skill level 1 in Hexes
  1896 | D:2      | Reached skill level 1 in Summonings
  1896 | D:2      | Reached skill level 1 in Necromancy
  1896 | D:2      | Reached skill level 1 in Translocations
  1896 | D:2      | Reached skill level 1 in Transmutations
  1896 | D:2      | Reached skill level 1 in Fire Magic
  1896 | D:2      | Reached skill level 1 in Ice Magic
  1896 | D:2      | Reached skill level 1 in Air Magic
  1896 | D:2      | Reached skill level 1 in Earth Magic
  1896 | D:2      | Reached skill level 1 in Poison Magic
  2412 | D:3      | Found a runed translucent gate.
  2412 | D:3      | Found a runed translucent gate.
  2412 | D:3      | Found a runed translucent gate.
  2413 | D:3      | Noticed CowFu's ghost (amateur GrEE)
  2428 | D:3      | Reached XP level 5. HP: 47/47 MP: 5/7
  2793 | D:3      | Found Gaylor's One-of-a-Kind Rings.
  2809 | D:3      | You pick up a book of Callings {forbidden} and begin
                  | reading...
  2809 | D:3      | You add the spells Summon Small Mammal, Call Canine
                  | Familiar and Summon Guardian Golem to your library.
  3141 | D:4      | Found Jyhouresh's Distillery.
  3157 | D:4      | Bought a potion of mutation for 80 gold pieces
  3157 | D:4      | Gained mutation: You expend magic power (3 MP) to
                  | strengthen your wands. [potion of mutation]
  3157 | D:4      | Gained mutation: Your muscles are strong. (Str +4, Int/Dex
                  | -1) [potion of mutation]
  3157 | D:4      | Gained mutation: Your magical capacity is low. (-10% MP)
                  | [potion of mutation]
  3157 | D:4      | Gained mutation: Your flesh is cold resistant. (rC+)
                  | [potion of mutation]
  3158 | D:4      | Lost mutation: You expend magic power (3 MP) to strengthen
                  | your wands. [potion of mutation]
  3158 | D:4      | Lost mutation: Your flesh is cold resistant. (rC+) [potion
                  | of mutation]
  3158 | D:4      | Gained mutation: You are strong-willed. (Will+) [potion of
                  | mutation]
  3158 | D:4      | Gained mutation: You occasionally lose the ability to drink
                  | potions when taking damage. [potion of mutation]
  3158 | D:4      | Gained mutation: You are dopey. (Int -2) [potion of
                  | mutation]
  3295 | D:4      | Reached *** piety under Trog
  3409 | D:4      | Noticed a black bear
  3426 | D:4      | Killed a black bear
  3427 | D:4      | Reached skill level 2 in Invocations
  3427 | D:4      | Reached XP level 6. HP: 31/53 MP: 7/7
  3667 | D:4      | You pick up a book of the Wilderness {forbidden} and begin
                  | reading...
  3667 | D:4      | You add the spells Summon Forest, Summon Mana Viper and
                  | Summon Cactus Giant to your library.
  3719 | D:4      | Found Coagy's Magic Scroll Shop.
  3727 | D:4      | Bought a scroll of identify for 26 gold pieces
  3955 | D:5      | Entered Level 5 of the Dungeon
  4001 | D:5      | Found a glowing drain.
  4024 | Sewer    | Entered a sewer
  4157 | Sewer    | Reached skill level 5 in Armour
  4157 | Sewer    | Reached skill level 5 in Dodging
  4435 | D:5      | Reached skill level 2 in Long Blades
  4435 | D:5      | Reached skill level 2 in Axes
  4435 | D:5      | Reached skill level 2 in Maces & Flails
  4435 | D:5      | Reached skill level 2 in Polearms
  4435 | D:5      | Reached skill level 2 in Staves
  4435 | D:5      | Reached skill level 2 in Ranged Weapons
  4435 | D:5      | Reached skill level 2 in Throwing
  4435 | D:5      | Reached skill level 2 in Stealth
  4435 | D:5      | Reached skill level 2 in Shields
  4435 | D:5      | Reached skill level 2 in Unarmed Combat
  4435 | D:5      | Reached skill level 2 in Spellcasting
  4435 | D:5      | Reached skill level 2 in Evocations
  4525 | D:5      | Reached skill level 7 in Fighting
  4525 | D:5      | Reached skill level 7 in Short Blades
  4525 | D:5      | Reached XP level 7. HP: 44/60 MP: 9/9
  4653 | D:5      | Found a transporter.
  4743 | D:5      | Reached skill level 2 in Conjurations
  4743 | D:5      | Reached skill level 2 in Hexes
  4743 | D:5      | Reached skill level 2 in Summonings
  4743 | D:5      | Reached skill level 2 in Necromancy
  4743 | D:5      | Reached skill level 2 in Translocations
  4743 | D:5      | Reached skill level 2 in Transmutations
  4743 | D:5      | Reached skill level 2 in Fire Magic
  4743 | D:5      | Reached skill level 2 in Ice Magic
  4743 | D:5      | Reached skill level 2 in Air Magic
  4743 | D:5      | Reached skill level 2 in Earth Magic
  4743 | D:5      | Reached skill level 2 in Poison Magic
  4801 | D:5      | Noticed iguanaiguana's ghost (novice OpTm)
  4823 | D:5      | Found a transporter.
  4874 | D:5      | Reached skill level 3 in Invocations
  4881 | D:5      | Killed iguanaiguana's ghost
  4882 | D:5      | Reached skill level 3 in Long Blades
  4882 | D:5      | Reached skill level 3 in Axes
  4882 | D:5      | Reached skill level 3 in Maces & Flails
  4882 | D:5      | Reached skill level 3 in Polearms
  4882 | D:5      | Reached skill level 3 in Staves
  4882 | D:5      | Reached skill level 3 in Ranged Weapons
  4882 | D:5      | Reached skill level 3 in Throwing
  4882 | D:5      | Reached skill level 3 in Stealth
  4882 | D:5      | Reached skill level 3 in Shields
  4882 | D:5      | Reached skill level 3 in Unarmed Combat
  4882 | D:5      | Reached skill level 3 in Spellcasting
  4882 | D:5      | Reached skill level 3 in Evocations
  4882 | D:5      | Reached XP level 8. HP: 67/67 MP: 9/11
  5129 | D:4      | Bought a scroll of identify for 26 gold pieces
  5453 | D:5      | Found a staircase to the Ecumenical Temple.
  5891 | D:6      | Reached skill level 4 in Invocations
  5954 | D:6      | Reached **** piety under Trog
  5955 | D:6      | Reached skill level 3 in Conjurations
  5955 | D:6      | Reached skill level 3 in Hexes
  5955 | D:6      | Reached skill level 3 in Summonings
  5955 | D:6      | Reached skill level 3 in Necromancy
  5955 | D:6      | Reached skill level 3 in Translocations
  5955 | D:6      | Reached skill level 3 in Transmutations
  5955 | D:6      | Reached skill level 3 in Fire Magic
  5955 | D:6      | Reached skill level 3 in Ice Magic
  5955 | D:6      | Reached skill level 3 in Air Magic
  5955 | D:6      | Reached skill level 3 in Earth Magic
  5955 | D:6      | Reached skill level 3 in Poison Magic
  6120 | D:6      | Reached skill level 6 in Armour
  6120 | D:6      | Reached skill level 6 in Dodging
  6134 | D:6      | HP: 15/68 [ice beast (8)]
  6137 | D:6      | Reached XP level 9. HP: 17/73 MP: 13/13
  6713 | D:7      | Reached skill level 4 in Long Blades
  6713 | D:7      | Reached skill level 4 in Axes
  6713 | D:7      | Reached skill level 4 in Maces & Flails
  6713 | D:7      | Reached skill level 4 in Polearms
  6713 | D:7      | Reached skill level 4 in Staves
  6713 | D:7      | Reached skill level 4 in Ranged Weapons
  6713 | D:7      | Reached skill level 4 in Throwing
  6713 | D:7      | Reached skill level 4 in Stealth
  6713 | D:7      | Reached skill level 4 in Shields
  6713 | D:7      | Reached skill level 4 in Unarmed Combat
  6713 | D:7      | Reached skill level 4 in Spellcasting
  6713 | D:7      | Reached skill level 4 in Evocations
  6918 | D:7      | Identified the +3 leather armour of Sittisua {rElec rC+
                  | Int+4}
  7025 | D:7      | Reached skill level 8 in Fighting
  7025 | D:7      | Reached skill level 8 in Short Blades
  7350 | D:7      | HP: 18/74 [killer bee (5)]
  7352 | D:7      | Reached skill level 5 in Invocations
  7726 | D:8      | Found a stormy altar of Qazlal.
  7929 | D:8      | Found a runed translucent gate.
  7929 | D:8      | Found a runed translucent gate.
  7930 | D:8      | Found a runed translucent gate.
  7932 | D:8      | Noticed Palms's ghost (novice SpVM)
  7952 | D:8      | Noticed a kobold demonologist
  7983 | D:8      | Reached skill level 4 in Conjurations
  7983 | D:8      | Reached skill level 4 in Hexes
  7983 | D:8      | Reached skill level 4 in Summonings
  7983 | D:8      | Reached skill level 4 in Necromancy
  7983 | D:8      | Reached skill level 4 in Translocations
  7983 | D:8      | Reached skill level 4 in Transmutations
  7983 | D:8      | Reached skill level 4 in Fire Magic
  7983 | D:8      | Reached skill level 4 in Ice Magic
  7983 | D:8      | Reached skill level 4 in Air Magic
  7983 | D:8      | Reached skill level 4 in Earth Magic
  7983 | D:8      | Reached skill level 4 in Poison Magic
  8029 | D:8      | Reached skill level 5 in Long Blades
  8029 | D:8      | Reached skill level 5 in Axes
  8029 | D:8      | Reached skill level 5 in Maces & Flails
  8029 | D:8      | Reached skill level 5 in Polearms
  8029 | D:8      | Reached skill level 5 in Staves
  8029 | D:8      | Reached skill level 5 in Ranged Weapons
  8029 | D:8      | Reached skill level 5 in Throwing
  8029 | D:8      | Reached skill level 5 in Stealth
  8029 | D:8      | Reached skill level 5 in Shields
  8029 | D:8      | Reached skill level 5 in Unarmed Combat
  8029 | D:8      | Reached skill level 5 in Spellcasting
  8029 | D:8      | Reached skill level 5 in Evocations
  8029 | D:8      | Reached XP level 10. HP: 39/81 MP: 15/15
  8865 | D:9      | Reached skill level 7 in Armour
  8865 | D:9      | Reached skill level 7 in Dodging
  9828 | D:9      | Reached skill level 6 in Invocations
 10430 | D:9      | Noticed a four-headed hydra
 10438 | D:9      | Killed a four-headed hydra
 10605 | D:9      | Found a staircase to the Lair.
 10627 | D:9      | Reached skill level 9 in Fighting
 10627 | D:9      | Reached skill level 9 in Short Blades
 10632 | D:9      | Reached skill level 6 in Long Blades
 10632 | D:9      | Reached skill level 6 in Axes
 10632 | D:9      | Reached skill level 6 in Maces & Flails
 10632 | D:9      | Reached skill level 6 in Polearms
 10632 | D:9      | Reached skill level 6 in Staves
 10632 | D:9      | Reached skill level 6 in Ranged Weapons
 10632 | D:9      | Reached skill level 6 in Throwing
 10632 | D:9      | Reached skill level 6 in Stealth
 10632 | D:9      | Reached skill level 6 in Shields
 10632 | D:9      | Reached skill level 6 in Unarmed Combat
 10632 | D:9      | Reached skill level 6 in Spellcasting
 10632 | D:9      | Reached skill level 6 in Evocations
 10666 | D:9      | Reached skill level 5 in Conjurations
 10666 | D:9      | Reached skill level 5 in Hexes
 10666 | D:9      | Reached skill level 5 in Summonings
 10666 | D:9      | Reached skill level 5 in Necromancy
 10666 | D:9      | Reached skill level 5 in Translocations
 10666 | D:9      | Reached skill level 5 in Transmutations
 10666 | D:9      | Reached skill level 5 in Fire Magic
 10666 | D:9      | Reached skill level 5 in Ice Magic
 10666 | D:9      | Reached skill level 5 in Air Magic
 10666 | D:9      | Reached skill level 5 in Earth Magic
 10666 | D:9      | Reached skill level 5 in Poison Magic
 10675 | D:9      | Reached XP level 11. HP: 89/89 MP: 18/18
 10905 | D:10     | Entered Level 10 of the Dungeon
 11617 | D:10     | You pick up a book of Weapons {forbidden} and begin
                  | reading...
 11617 | D:10     | You add the spells Tukima's Dance, Portal Projectile and
                  | Blade Hands to your library.
 11659 | D:10     | HP: 22/89 [something (1)]
 12027 | D:10     | Noticed a two-headed ogre
 12036 | D:10     | HP: 22/133 [two-headed ogre/+0 giant spiked club (14)]
 12042 | D:10     | Killed a two-headed ogre
 12043 | D:10     | Reached skill level 8 in Armour
 12043 | D:10     | Reached skill level 8 in Dodging
 12043 | D:10     | Reached skill level 7 in Invocations
 12298 | D:10     | HP: 31/133 [something (13)]
 12305 | D:10     | HP: 15/133 [something (3)]
 12305 | D:10     | HP: 5/133 [something (10)]
 12308 | D:10     | Killed from afar by a vampire

Vanquished Creatures
  A hydra (D:9)
  A two-headed ogre (D:10)
  A kobold demonologist (D:10)
  The ghost of iguanaiguana the Insei, a novice OpTm of Hepliaklqana (D:5)
  A troll (D:9)
  A slime creature (D:9)
  A wraith (D:9)
  2 vampires
  2 wyverns (D:9)
  7 yaks
  A steam dragon (D:7)
  A water moccasin (D:10)
  3 orc warriors
  A sky beast (D:8)
  3 black bears
  An ogre (D:6)
  7 centaurs
  2 wolves (D:9)
  A phantom (D:5)
  2 kobold brigands
  A bullfrog (D:9)
  2 gnoll sergeants
  3 scorpions
  A necrophage (D:5)
  6 wights
  18 killer bees
  4 electric eels (D:9)
  3 quasits (D:5)
  8 hounds
  2 jellies
  2 orc priests
  2 gnoll boudas (D:7)
  5 iguanas
  4 orc wizards
  9 gnolls
  7 adders
  2 river rats
  An ufetubus (D:6)
  2 worms
  29 orcs
  10 ball pythons
  8 bats
  7 endoplasms
  5 giant cockroaches
  11 goblins
  8 hobgoblins
  10 jackals
  5 quokkas
  3 frilled lizards
  15 kobolds
  8 rats
241 creatures vanquished.

Vanquished Creatures (collateral kills)
  An ice beast (D:6)
  A gnoll (D:6)
2 creatures vanquished.

Vanquished Creatures (others)
  2 gnolls (D:7)
  37 plants (D:5)
39 creatures vanquished.

Grand Total: 282 creatures vanquished

Table legend:
 A = Non-vault XP
 B = Vault XP
 C = Vault XP percentage of total XP
 D = Non-vault monster count
 E = Vault monster count
 F = Vault count percentage of total count
                 A         B        C        D         E       F
            +---------+---------+-------+---------+---------+-------
      Total |    8495 |    3735 |  30.5 |     189 |      54 |  22.2
            +---------+---------+-------+---------+---------+-------
        D:1 |      30 |       0 |   0.0 |      17 |       0 |   0.0
        D:2 |      59 |      34 |  36.6 |      14 |       8 |  36.4
        D:3 |      58 |       0 |   0.0 |      24 |       0 |   0.0
        D:4 |     146 |       0 |   0.0 |      12 |       0 |   0.0
        D:5 |     621 |     595 |  48.9 |      16 |      13 |  44.8
        D:6 |     804 |       0 |   0.0 |      26 |       0 |   0.0
        D:7 |    1255 |       0 |   0.0 |      27 |       0 |   0.0
        D:8 |    1135 |       0 |   0.0 |      17 |       0 |   0.0
        D:9 |    1782 |    3073 |  63.3 |      20 |      20 |  50.0
       D:10 |    2605 |       0 |   0.0 |      16 |       0 |   0.0
      Sewer |       0 |      33 | 100.0 |       0 |      13 | 100.0
            +---------+---------+-------+---------+---------+-------

Illustrated notes

Table legend:
 A = Kills in this place as a percentage of kills in entire the game.
 B = Kills by you in this place as a percentage of kills by you in the entire game.
 C = Kills by friends in this place as a percentage of kills by friends in the entire game.
 D = Other kills in this place as a percentage of other kills in the entire game.
 E = Experience gained in this place as a percentage of experience gained in the entire game.
 F = Experience gained in this place divided by the number of levels of this place that you have seen.
                   A       B       C       D       E      F
               +-------+-------+-------+-------+-------+----------------------
         Total | 100.0 | 100.0 | 100.0 |   N/A | 100.0 | 1111.8
       Dungeon |  94.7 |  94.6 | 100.0 |   N/A |  99.7 | 1219.7
         Sewer |   5.3 |   5.4 |   0.0 |   N/A |   0.3 |  33.0
               +-------+-------+-------+-------+-------+----------------------

Table legend: (Time is in decaauts)
 A = Elapsed time spent in this place.
 B = Non-inter-level travel time spent in this place.
 C = Inter-level travel time spent in this place.
 D = Time resting spent in this place.
 E = Time spent auto-exploring this place.
 F = Levels seen in this place.
 G = Mean time per level.
                   A        B        C        D        E       F      G
               +--------+--------+--------+--------+--------+-----+--------+
         Total |  12715 |  12223 |    492 |    438 |   9740 |  11 | 1155.9 |
       Dungeon |  12237 |  11745 |    492 |    438 |   9412 |  10 | 1223.7 |
         Sewer |    477 |    477 |      0 |      0 |    327 |   1 |  477.0 |
               +--------+--------+--------+--------+--------+-----+--------+

Top non-repeatable levels by time:
     D:9: 1957 daAuts
     D:2: 1446 daAuts
    D:10: 1420 daAuts
     D:8: 1221 daAuts
     D:6: 1210 daAuts
     D:5: 1200 daAuts
     D:7: 1186 daAuts
     D:4: 1054 daAuts
     D:3: 914 daAuts
     D:1: 626 daAuts
   Sewer: 477 daAuts
